AoeStats
← rattan archer

Nomad

509272602Analyzed
2v2 RM · 6d ago on Sep 26, 2026· 43m 31s· 4 players
Game mode
Random Map
Map size
176×176
Population
200
Speed
Normal
Resources
Standard
Victory
Conquest
Starting age
Dark Age
Ending age
Imperial Age
RankedLock teamsTeams togetherTeam positionsShared explorationLock speedFull tech treeHidden civsTurbo modeCheats
Victory
Defeat
🇦🇺 Italians · Australia
1284
+13
🇻🇳 Malay · Vietnam
1230
+15
🇺🇸 Varangians · United States
1208
-14
🇺🇸 Saxons · United States
1208
-14
rattan archer
4:26 Loom
14:32 Feudal Age
14:07 Fishing Lines
14:45 Gold Mining
14:46 Double-Bit Axe
16:15 Wheelbarrow
15:14 Man-at-Arms
21:03 Stone Mining
26:41 Castle Age
26:14 Forging
25:42 Long Swordsman
26:05 Long Swordsman
Cabbage
4:40 Loom
14:26 Feudal Age
15:04 Double-Bit Axe
15:12 Gold Mining
15:31 Town Watch
15:45 Fishing Lines
17:29 Fletching
21:52 Castle Age
20:06 Padded Archer Armor
19:59 Stone Mining
21:36 Forging
22:45 Medium Warships
23:45 Bow Saw
23:36 Town Patrol
23:36 Gillnets
25:16 Wheelbarrow
27:51 Bodkin Arrow
28:51 Ballistics
30:53 Leather Archer Armor
32:12 Hand Cart
35:37 Imperial Age
33:34 Scale Barding Armor
34:19 Horse Collar
36:00 Stone Shaft Mining
37:35 Chemistry
37:39 Two-Man Saw
37:39 Bracer
39:37 Pirotechnia
42:13 Heavy Plow
44:17 Ring Archer Armor
Snazzy Jazz Man
14:36 Feudal Age
12:53 Loom
19:09 Castle Age
28:25 Forging
28:15 Scale Mail Armor
28:28 Fletching
31:19 Arson
32:44 Squires
34:03 Double-Bit Axe
38:40 Chain Mail Armor
41:46 Imperial Age
ThomasTheTan
5:22 Loom
14:06 Feudal Age
17:25 Town Watch
17:48 Fletching
19:40 Horse Collar
24:43 Wheelbarrow
25:32 Wheelbarrow
27:46 Castle Age
27:13 Scale Barding Armor
27:18 Forging
27:24 Scale Mail Armor
27:22 Man-at-Arms
37:23 Double-Bit Axe
Connection lost

Rejoining the realm…

Still unreachable

The connection could not be restored.

Session expired

The server has moved on; the page needs a fresh start.